 Dungeon Crawl Stone Soup version 0.29.1-1-gd02db6906a (console) character file.

Game seed: 4867646425699323116

60 om the Sneak (level 4, 0/30 HPs)
             Began as an Octopode Brigand on Oct 18, 2022.
             Slain by a gnoll
             ... wielding a +1 halberd of protection
              (14 damage)
             ... on level 2 of the Dungeon.
             The game lasted 00:03:06 (1725 turns).

om the Sneak (Octopode Brigand)                     Turns: 1725, Time: 00:03:06

Health: 0/30       AC:  1    Str: 10    XL:     4   Next: 6%
Magic:  4/4        EV: 13    Int: 13    God:
Gold:   48         SH:  0    Dex: 15    Spells: 3/3 levels left

rFire   . . .      SeeInvis .   a - +2 dagger (flame)
rCold   . . .      Faith    .   (no shield)
rNeg    . . .      Spirit   .   (helmet restricted)
rPois   .          Reflect  .   (no amulet)
rElec   .          Harm     .   (no ring)
rCorr   .          Rampage  .   (no ring)
Will    .....                   (no ring)
Stlth   ++++......              (no ring)
HPRegen 0.10/turn               (no ring)
MPRegen 0.09/turn               (no ring)
                                (no ring)
                                (no ring)

@: no status effects
A: almost no armour, amphibious, 8 rings, camouflage 1, gelatinous body 1,
(nimble swimmer 1), tentacles
a: no special abilities


You were on level 2 of the Dungeon.
You visited 1 branch of the dungeon, and saw 2 of its levels.

You collected 48 gold pieces.

Inventory:

Hand Weapons
 a - a +2 dagger of flaming (weapon)
Missiles
 b - 2 poisoned darts (quivered)
 c - 3 curare-tipped darts
Scrolls
 d - a scroll of amnesia {unknown}
 f - a scroll of teleportation {unknown}
 g - a scroll of enchant weapon {unknown}
 i - a scroll of noise {unknown}
 j - a scroll of vulnerability {unknown}
Potions
 h - 2 potions of degeneration {unknown}


   Skills:
 + Level 2.5 Fighting
 + Level 2.5 Short Blades
 + Level 2.5 Throwing
 + Level 1.8 Dodging
 + Level 5.8 Stealth


You had 3 spell levels left.
You didn't know any spells.
Your spell library was empty.

Dungeon Overview and Level Annotations

Branches:
Dungeon (2/15)

Altars:


Innate Abilities, Weirdness & Mutations

You cannot wear most types of armour.
You are amphibious.
You can wear up to eight rings at the same time.
Your skin changes colour to match your surroundings (Stealth+).
Your rubbery body absorbs attacks. (AC +1, EV +1)
((You are camouflaged when in or above water. (Stealth+)))
You have tentacles for arms and can constrict up to eight enemies at once.


Message History

Press: ? - help, Q - select action, (/) - cycle Shift-Dir - straight line, f/p - gnoll
Aim: a gnoll, wielding a +0 halberd (almost dead, poisoned, 64% to hit)
You throw a poisoned dart. The poisoned dart hits the gnoll.
The gnoll looks even sicker.
The gnoll is almost dead.
You kill the gnoll!
You have reached level 4!
Throw: 6 darts (poison)
Press: ? - help, Q - select action, (/) - cycle Shift-Dir - straight line, f - gnoll
Aim: a gnoll, wielding a +1 halberd of protection (64% to hit)
You throw a poisoned dart. The poisoned dart hits the gnoll.
The gnoll is poisoned.
The gnoll looks more healthy.
Throw: 5 darts (poison)
Press: ? - help, Q - select action, (/) - cycle Shift-Dir - straight line, f/p - gnoll
Aim: a gnoll, wielding a +1 halberd of protection (moderately wounded, 64% to hit)
You throw a poisoned dart. The poisoned dart hits the gnoll.
The gnoll is poisoned.
The gnoll is moderately wounded.
Throw: 4 darts (poison)
Press: ? - help, Q - select action, (/) - cycle Shift-Dir - straight line, f/p - gnoll
Aim: a gnoll, wielding a +1 halberd of protection (moderately wounded, poisoned, 64% to hit)
You throw a poisoned dart. The poisoned dart hits the gnoll.
The gnoll looks even sicker.
The gnoll is moderately wounded.
Throw: 3 darts (poison)
Press: ? - help, Q - select action, (/) - cycle Shift-Dir - straight line, f/p - gnoll
Aim: a gnoll, wielding a +1 halberd of protection (heavily wounded, poisoned, 64% to hit)
You throw a poisoned dart. The poisoned dart hits the gnoll.
The gnoll looks even sicker.
The gnoll is heavily wounded.
The gnoll closely misses you.
The gnoll hits you with a +1 halberd of protection!
You completely miss the gnoll. You grab the gnoll.
The gnoll is severely wounded.
You constrict the gnoll, but do no damage.
The gnoll escapes!
The gnoll hits you with a +0 club.
The gnoll hits you with a +1 halberd of protection!
You die...

....###.......# #.# #.#
##.†.)..÷###..# #.# #.#
#..###.)....#.###(###.#
#### #.####.....[..##.#
##.# ###...#...#.#
#####..####.........#.#
...#........###...###.#
......####### #.g..##.#
#....### ##@#.##.#
.......##### #g.#..#.#
...........# #.###.#.#
....<......# #.###...#####
###........# #.#.........#
#........# #.#.........#
#........####.#...).....#
...................>.....#
###############.#.........#


You could see 2 gnolls.

Vanquished Creatures
  A gnoll (D:2)
  A worm (D:2)
  A dart slug (D:1)
  10 bats
  2 endoplasms (D:1)
  3 goblins (D:2)
  5 hobgoblins
  4 jackals (D:2)
  A quokka (D:1)
  5 ball pythons
  2 frilled lizards (D:2)
  6 kobolds
  2 rats (D:1)
43 creatures vanquished.

Notes
Turn   | Place    | Note
-------+----------+-------------------------------------------
     0 | D:1      | om the Octopode Brigand began the quest for the Orb.
     0 | D:1      | Reached XP level 1. HP: 14/14 MP: 1/1
    18 | D:1      | Found a faded altar of an unknown god.
   361 | D:1      | Reached XP level 2. HP: 18/19 MP: 2/2
  1011 | D:1      | Reached XP level 3. HP: 24/24 MP: 3/3
  1705 | D:2      | Reached XP level 4. HP: 30/30 MP: 4/4
  1725 | D:2      | Slain by a gnoll

Illustrated notes

Levels and vault maps discovered:
D:1:      dpeg_arrival_pond, layout_loops_ring,
          nicolae_ecumenical_snake_handling, palyth_stone_intersect
D:2:      layout_rooms, corexii_leaking_fountain, cheibrodos_gnoll_hut

Action                   |  1- 3 |  4- 6 || total
-------------------------+-------+-------++-------
Melee: Dagger            |    73 |     1 ||    74
       Constrict         |    18 |     1 ||    19
       Tentacles         |    10 |       ||    10
       Punch             |     2 |       ||     2
Throw: Dart              |     3 |     4 ||     7
  Use: Scroll            |     3 |       ||     3
       Potion            |     1 |       ||     1
 Stab: Sleeping          |    12 |       ||    12
Armor: Skin              |    11 |       ||    11
Dodge: Dodged            |    61 |     1 ||    62
